 Dungeon Crawl Stone Soup version 0.21.1-1-g345015fe64 (webtiles) character file.

43 UrsusMedved the Ruffian (level 3, -3/31 HPs)
             Began as a Ghoul Gladiator on July 8, 2018.
             Slain by a gnoll
             ... wielding a +0 spear
              (7 damage)
             ... on level 1 of the Dungeon.
             The game lasted 00:27:44 (612 turns).

UrsusMedved the Ruffian (Ghoul Gladiator)            Turns: 612, Time: 00:27:45

Health: -3/31      AC: 11    Str: 18    XL:     3   Next: 58%
Magic:  2/2        EV:  5    Int:  3    God:
Gold:   29         SH:  0    Dex: 10    Spells: 2/2 levels left

rFire    . . .     SeeInvis .     - Unarmed
rCold    + . .     Gourm    .   (no shield)
rNeg     + + +     Faith    .   h - +0 plate armour
rPois    ∞         Spirit   .   b - +0 helmet
rElec    .         Reflect  .   (no cloak)
rCorr    .         Harm     .   (no gloves)
MR       .....                  (no boots)
Stlth    ..........             (no amulet)
HPRegen  0.00/turn              (no ring)
MPRegen  0.08/turn              (no ring)

@: rotting
A: rotting body, claws 1, carnivore, cold resistance 1, negative energy
resistance 3, inhibited regeneration, torment resistance, unbreathing
a: no special abilities


You were on level 1 of the Dungeon.
You were not hungry.

You visited 1 branch of the dungeon, and saw 2 of its levels.

You collected 29 gold pieces.

Inventory:

Missiles
 c - 5 throwing nets (quivered)
Armour
 a - a +0 leather armour
 b - a +0 helmet (worn)
 h - a +0 plate armour (worn)
Scrolls
 e - 2 scrolls of identify {unknown}
 g - a scroll of fog {unknown}
 j - 3 scrolls of teleportation {unknown}
Potions
 i - a potion of lignification {unknown}
 k - a potion of berserk rage {unknown}
 l - a potion of curing {unknown}
Comestibles
 d - a ration


   Skills:
 * Level 3.1 Fighting
 - Level 1.7 Throwing
 + Level 3.0 Dodging
 + Level 1.3 Stealth
 + Level 3.6 Unarmed Combat


You had 2 spell levels left.
You didn't know any spells.

Dungeon Overview and Level Annotations

Branches:
Dungeon (2/15)

Altars:
Ru


Innate Abilities, Weirdness & Mutations

Your body is rotting away.
You thrive on raw meat.
You are immune to poison.
You have sharp fingernails.
You are carnivorous and can eat meat at any time.
Your flesh is cold resistant. (rC+)
You are immune to negative energy. (rN+++)
You do not regenerate when monsters are visible.
You are immune to unholy pain and torment.
You can survive without breathing.


Message History

You eat one of the 2 chunks of flesh.
This raw flesh tastes great!
The gnoll hits you but does no damage. x2
You scratch the gnoll.
The gnoll is lightly wounded.
The gnoll hits you with a spear.
* * * LOW HITPOINT WARNING * * *
The gnoll hits you but does no damage.
Your plate armour prevents you from hitting the gnoll.
The gnoll is lightly wounded.
The gnoll hits you but does no damage. x2
You scratch the gnoll but do no damage.
The gnoll is lightly wounded.
The gnoll hits you with a spear.
* * * LOW HITPOINT WARNING * * *
The gnoll hits you but does no damage.
Eat a chunk of flesh? (ye/n/q)
You eat the chunk of flesh.
This raw flesh tastes great!
The gnoll hits you but does no damage. x2
The gnoll hits you from afar with a spear!
You die...

#.........# ##....##
#.........#####...###
#.................#
#.........#......##
#...........######
#.........###
#.........# ####
#..[......# #...
#...g)@...# #####.##
#>).g.....# #.....#
##.......#######.#####
#.......##......#
#............####
##....>......#
#............#
#............#
#............#


You could see 2 gnolls.

Vanquished Creatures
  2 gnolls (D:1)
  A bat (D:1)
  A giant cockroach (D:1)
  A goblin (D:1)
  3 hobgoblins (D:1)
  8 jackals (D:1)
  2 ball pythons (D:1)
  A giant cockroach zombie (D:2)
  A rat (D:2)
20 creatures vanquished.

Notes
Turn   | Place    | Note
-------+----------+-------------------------------------------
     0 | D:1      | UrsusMedved the Ghoul Gladiator began the quest for the Orb.
     0 | D:1      | Reached XP level 1. HP: 17/17 MP: 0/0
    63 | D:1      | Reached XP level 2. HP: 25/25 MP: 1/1
   143 | D:1      | Found a sacrificial altar of Ru.
   305 | D:1      | Reached skill level 1 in Stealth
   536 | D:1      | Reached XP level 3. HP: 21/31 MP: 2/2
   612 | D:1      | Slain by a gnoll

Skill      XL: |  1  2 |
---------------+-------+-----
Stealth        | 1 |  1.3
Fighting       | 3 |  3.1
Dodging        | 3 |  3.0
Throwing       | |  1.7
Unarmed Combat | |  3.6

Action                   || total
-------------------------++-------
Melee: Unarmed           ||    72
       Punch             ||     2
  Eat: Chunk             ||    14
       Ration            ||     1
Armor: Leather armour    ||     2
       Plate armour      ||    50
Dodge: Dodged            ||    35
